 Dungeon Crawl Stone Soup version 0.29.1-1-gd02db6906a (webtiles) character file.

Game seed: 16050701323297504655

77756 Metae the Warrior (level 15, -1/141 HPs)
             Began as a Hill Orc Fighter on Sept 26, 2022.
             Was the Champion of Okawaru.
             Killed from afar by an orc sorcerer (23 damage)
             ... with a bolt of fire
             ... on level 2 of the Orcish Mines.
             The game lasted 02:15:03 (22852 turns).

Metae the Warrior (Hill Orc Fighter)               Turns: 22852, Time: 02:15:04

Health: -1/141     AC: 36    Str: 47    XL:     15   Next: 57%
Magic:  22/22      EV: 11    Int: 11    God:    Okawaru [******]
Gold:   1982       SH: 24    Dex: 16    Spells: 14/14 levels left

rFire   . . .      SeeInvis .   a - +7 broad axe of the Orb {speed, Will- Str+10 Int+3}
rCold   + + +      Faith    .   v - +4 tower shield of the Old World {rC- Str+6}
rNeg    + + +      Spirit   .   o - +0 shadow dragon scales of Hubris {rPois rC+ Stlth++++}
rPois   +          Reflect  .   Z - +0 hat of Baldness {-Cast +Inv rN+++ Str+4}
rElec   .          Harm     .   U - +2 cloak
rCorr   .          Rampage  .   e - +2 pair of gloves of Ucvom {rC+}
Will    .....      NoCast   +   t - +2 pair of boots
Stlth   ++++......              I - amulet of regeneration
HPRegen 1.13/turn               y - ring "Lejut" {rPois rC++ rN+ AC+4 Slay-4}
MPRegen 0.18/turn               s - +6 ring of dexterity

@: heroic
A: no striking features
a: Renounce Religion, Evoke Invisibility, Heroism, Finesse, Duel


You were on level 2 of the Orcish Mines.
You worshipped Okawaru.
Okawaru was exalted by your worship.
You visited 3 branches of the dungeon, and saw 19 of its levels.
You also visited: Sewer, Ossuary, Bailey and Gauntlet.

You collected 1982 gold pieces.

Inventory:

Hand Weapons
 a - the +7 broad axe of the Orb (weapon) {speed, Will- Str+10 Int+3}
   (Okawaru gifted it to you on level 5 of the Lair of Beasts)

   Attacks with this weapon are significantly faster.
   Str:       It affects your strength (+10).
   Int:       It affects your intelligence (+3).
   Will:      It decreases your willpower.
 b - a +8 morningstar of freezing
 h - the +7 demon blade of Malaise {pain, rPois Str+6 Dex-3 Stlth-}
   (Okawaru gifted it to you on level 5 of the Lair of Beasts)

   In the hands of one skilled in necromantic magic, it inflicts extra damage on
   living creatures.
   Str:       It affects your strength (+6).
   Dex:       It affects your dexterity (-3).
   rPois:     It protects you from poison.
   Stlth:     It makes you less stealthy.
 K - a +1 double sword of electrocution
 N - the +7 great mace "Firestarter" {inner flame, rF++}
   (You found it on level 5 of the Lair of Beasts)

   It burns those it strikes, dealing additional fire damage.
   It fills those it strikes with an explosive inner flame.
   It grants immunity to clouds of flame.
   rF:        It greatly protects you from fire.
 T - a +3 sling of freezing
 W - the +0 hand axe "Reabb" {antimagic, Int+2}
   (Okawaru gifted it to you in a Gauntlet)

   It reduces the magical energy of the wielder, and disrupts the spells and
   magical abilities of those it strikes.
   Natural abilities and divine invocations are not affected.
   Int:       It affects your intelligence (+2).
Missiles
 i - 165 stones (quivered)
Armour
 e - the +2 pair of gloves of Ucvom (worn) {rC+}
   (Okawaru gifted it to you on level 11 of the Dungeon)

   rC:        It protects you from cold.
 o - the +0 shadow dragon scales of Hubris (worn) {rPois rC+ Stlth++++}
   (You took it off an orc warrior in a bailey)

   rC:        It protects you from cold.
   rPois:     It protects you from poison.
   Stlth:     It makes you much more stealthy.
 t - a +2 pair of boots (worn)
 v - the +4 tower shield of the Old World (worn) {rC- Str+6}
   (You took it off an orc warrior in a bailey)

   Str:       It affects your strength (+6).
   rC:        It makes you vulnerable to cold.
 C - the +0 ring mail "Miubafue" {Fly rC- Str+3 Dex+7}
   (You found it on level 4 of the Dungeon)

   Str:       It affects your strength (+3).
   Dex:       It affects your dexterity (+7).
   rC:        It makes you vulnerable to cold.
   Fly:       It grants you flight.
 H - a scarf of repulsion
 R - the +1 chain mail of the Dwarven Hall {rElec}
   (You found it on level 5 of the Lair of Beasts)

   rElec:     It insulates you from electricity.
 U - a +2 cloak (worn)
 Z - the +0 hat of Baldness (worn) {-Cast +Inv rN+++ Str+4}
   (You found it on level 9 of the Dungeon)

   Str:       It affects your strength (+4).
   rN:        It renders you almost immune to negative energy.
   +Inv:      It lets you turn invisible.
   -Cast:     It prevents spellcasting.
Jewellery
 k - a +4 ring of protection
 s - a +6 ring of dexterity (right hand)
 y - the ring "Lejut" (left hand) {rPois rC++ rN+ AC+4 Slay-4}
   (You found it on level 2 of the Lair of Beasts)

   [ring of protection]

   AC:        It affects your AC (+4).
   Slay:      It affects your accuracy & damage with ranged weapons and melee
   (-4).
   rC:        It greatly protects you from cold.
   rPois:     It protects you from poison.
   rN:        It protects you from negative energy.
 z - a +6 ring of strength
 I - an amulet of regeneration (around neck)
Wands
 m - a wand of flame (31)
 n - a wand of roots (15)
 p - a wand of quicksilver (7)
 B - a wand of polymorph (5)
 X - a wand of mindburst (6)
 Y - a wand of digging (12)
Scrolls
 j - 4 scrolls of silence
 q - 9 scrolls of teleportation
 w - 5 scrolls of magic mapping
 x - 4 scrolls of amnesia
 A - 6 scrolls of fear
 D - a scroll of brand weapon
 J - 6 scrolls of blinking
Potions
 d - 12 potions of might
 f - 5 potions of brilliance
 g - 5 potions of invisibility
 l - 10 potions of curing
 u - a potion of haste
 E - 5 potions of flight
 F - 2 potions of magic
 G - 3 potions of heal wounds
 M - 3 potions of attraction
 O - a potion of ambrosia {unknown}
 V - 2 potions of lignification
Miscellaneous
 c - a condenser vane
 r - a piece from Xom's chessboard (15/15)


   Skills:
 + Level 15.1(20.1) Fighting
 + Level 12.5(19.6) Axes
 + Level 9.9(16.9) Maces & Flails
 - Level 3.0(12.4) Polearms
 - Level 0.5(5.5) Ranged Weapons
 + Level 13.9(18.9) Armour
 + Level 12.3(17.3) Shields
 - Level 10.4 Invocations
 + Level 10.0 Evocations


You had 14 spell levels left.
You didn't know any spells.
Your spell library contained the following spells:

 Spells                   Type           Power      Damage    Failure   Level
 Apportation              Tloc           0%         N/A       89%         1
 Magic Dart               Conj           0%         1d3       89%         1
 Necrotise                Necr           0%         1d4       89%         1
 Sandblast                Erth           0%         2d4       89%         1
 Passwall                 Tmut/Erth      0%         N/A       96%         2
 Static Discharge         Conj/Air       0%         3-3/arc   96%         2
 Dazzling Flash           Conj/Hex       0%         N/A       99%         3
 Mephitic Cloud           Conj/Pois/Air  0%         N/A       99%         3
 Stone Arrow              Conj/Erth      0%         3d7       99%         3
 Dispel Undead            Necr           0%         3d6       100%        4
 Fulminant Prism          Conj/Hex       0%         3d6       100%        4
 Iskenderun's Mystic Bla  Conj/Tloc      0%         2d3       100%        4
 Passage of Golubria      Tloc           0%         N/A       100%        4
 Sticky Flame             Conj/Fire      0%         2d3       100%        4
 Agony                    Necr           0%         N/A       100%        5
 Lee's Rapid Deconstruct  Erth           0%         3d5*      100%        5
 Silence                  Hex/Air        0%         N/A       100%        5
 Storm Form               Tmut/Air       0%         N/A       100%        7
 Lehudib's Crystal Spear  Conj/Erth      0%         10d2      100%        8
 Maxwell's Capacitive Co  Air            0%         ∞         100%        8
 Summon Small Mammal      Summ           Unusable   N/A       N/A         1
 Call Imp                 Summ           Unusable   N/A       N/A         2
 Summon Lightning Spire   Summ/Air       Unusable   N/A       N/A         4

Dungeon Overview and Level Annotations

Branches:
Dungeon (12/15)            Temple (0/1) D:5            Lair (5/5) D:11
  Swamp (0/4) Lair:3        Snake (0/4) Lair:3        Slime (0/5) Lair:5
    Orc (2/2) D:12            Elf (0/3) Orc:2         Sewer (visited)
Ossuary (visited)          Bailey (visited)         Gauntlet (visited)

Altars:
Elyvilon
Fedhas
Gozag
Kikubaaqudgha
Okawaru
Ru
Sif Muna
Trog
Vehumet
Jiyva


Message History

* * * LOW HITPOINT WARNING * * *
The orc sorcerer hits you with a +0 dagger.
* * * LOW HITPOINT WARNING * * *
The orc sorcerer points at you and mumbles some strange words.
The bolt of negative energy hits you but does no damage.
You resist.
The orc knight hits you with a +1 dire flail!
* * * LOW HITPOINT WARNING * * *
The orc sorcerer hits you but does no damage.
The orc sorcerer casts a spell at you.
You shrug off the repeated paralysis!
The orc priest calls down the wrath of Beogh upon you.
Beogh smites you!
* * * LOW HITPOINT WARNING * * *
You can move again.
Okay, then.
Blink to where?
Press: ? - help, Dir - move target
As you read the scroll of blinking, it crumbles to dust.
The orc sorcerer no longer looks unusually strong.
The smoke demon gestures at you.
The sticky flame hits you but does no damage.
You are covered in liquid flames!
You feel much better.
You are covered in liquid flames!
* * * LOW HITPOINT WARNING * * *
You are covered in liquid flames!
* * * LOW HITPOINT WARNING * * *
You are covered in liquid flames!
* * * LOW HITPOINT WARNING * * *
The orc sorcerer gestures wildly while chanting.
The orc knight roars a battlecry!
The orcs go into a battle-frenzy!
The smoke demon gestures at you. Beogh smites you!
* * * LOW HITPOINT WARNING * * *
You feel much better.
The orc sorcerer gestures at you while chanting.
The bolt of fire hits you!!
You die...

............. ...#........
.#.... #.... ...... ###....
##.... ##.#..# .....
###.....# ... ##......####
... ###@.........## .... ###
##.............# ...# ###
###.###.............###....
#.##
##...##.o)).#####.)))#.#....
...# #....#..)3###
#...#)#.......
..#####...#ooo##
####).........
.......##.#.34## ÷
####.......
........#.##4÷)#.÷..
#.......
..._...#...#.).o.÷..÷
##..#...


You could see 2 orc knights, a soul eater (summoned), an orange demon
(summoned), an ice devil (summoned), a smoke demon (summoned) and 2 orc
sorcerers.

Vanquished Creatures
  Gastronok (Lair:3)
  Donald (Arena)
  A minotaur (Gauntlet)
  9 hydras
  A catoblepas (Lair:4)
  3 boulder beetles
  2 two-headed ogres (D:11)
  A centaur warrior (D:11)
  3 orc high priests
  Sonja (Orc:1)
  A fire crab (Gauntlet)
  5 skeletal warriors
  2 bog bodies (Lair:3)
  A lindwurm (Lair:5)
  3 orc knights
  2 deep elf pyromancers (D:9)
  An orc sorcerer (Orc:2)
  An ugly thing (D:11)
  Joseph (D:8)
  7 black mambas
  22 elephants
  A smoke demon (Gauntlet)
  13 cane toads
  A torpor snail (Lair:4)
  5 rime drakes
  7 komodo dragons
  2 kobold demonologists (D:12)
  2 trolls
  A polar bear (Lair:5)
  6 hornets (Lair:5)
  13 blink frogs
  4 slime creatures (D:12)
  19 dream sheep
  A vampire (D:11)
  The ghost of SpicyYetSad the Magician, an amateur DEVM (D:4)
  10 flying skulls (Gauntlet)
  13 spriggans (Lair:5)
  A wraith (D:12)
  3 wyverns
  65 yaks
  2 basilisks
  4 fire bats (Gauntlet)
  3 steam dragons
  2 vampire mosquitoes (D:9)
  2 wargs
  Menkaure (D:4)
  3 nagas (Lair:3)
  2 swamp worms (Lair:3)
  An acid dragon (D:11)
  13 water moccasins
  23 orc warriors
  A swamp drake (D:9)
  A sky beast (D:7)
  7 black bears
  33 wolves
  4 boggarts (Lair:5)
  An ogre (D:7)
  3 centaurs
  2 phantoms
  5 kobold brigands
  16 bullfrogs
  3 necrophages
  A gnoll sergeant (D:9)
  5 scorpions
  3 water moccasin zombies (Ossuary)
  20 wights
  3 killer bees (D:7)
  An electric eel (Lair:3)
  2 howler monkeys
  5 crimson imps
  A centaur zombie (D:4)
  A bullfrog zombie (D:4)
  2 jellies (D:5)
  10 orc priests
  Crazy Yiuf (D:6)
  5 hounds
  An iron imp (D:9)
  25 orc wizards
  2 iguanas
  7 hell rats
  2 mummies (Ossuary)
  13 gnolls
  11 adders
  3 shadow imps
  4 white imps
  An ufetubus (D:5)
  5 adder zombies (Ossuary)
  4 dart slugs
  A worm (D:3)
  80 orcs
  18 ball pythons
  10 endoplasms
  14 giant cockroaches
  13 goblins
  8 hobgoblins
  3 jackals (D:1)
  36 kobolds
  15 quokkas
  3 bats (D:1)
  15 frilled lizards
  5 gnoll zombies (Ossuary)
  A hobgoblin zombie (Ossuary)
  4 kobold zombies (Ossuary)
  7 orc zombies (Ossuary)
  7 rats
747 creatures vanquished.

Vanquished Creatures (others)
  2 orc wizards
  35 fungi
  40 plants
77 creatures vanquished.

Grand Total: 824 creatures vanquished

Notes
Turn   | Place    | Note
-------+----------+-------------------------------------------
     0 | D:1      | Metae the Hill Orc Fighter began the quest for the Orb.
     0 | D:1      | Reached XP level 1. HP: 19/19 MP: 1/1
   301 | D:1      | Reached XP level 2. HP: 15/27 MP: 2/2
   636 | D:1      | Found a faded altar of an unknown god.
   807 | D:1      | Reached skill level 4 in Fighting
   854 | D:1      | Reached XP level 3. HP: 32/33 MP: 3/3
  2159 | D:3      | Reached XP level 4. HP: 38/40 MP: 4/4
  2315 | D:3      | Found an iron altar of Okawaru.
  2349 | D:3      | Became a worshipper of Warmaster Okawaru
  2428 | D:3      | Found a shimmering blue altar of Sif Muna.
  2488 | D:3      | Found a glowing drain.
  2514 | D:3      | Identified the +2 war axe of Gravity {vorpal, Str+2 Int+6
                  | Dex-3}
  2563 | Sewer    | Entered a sewer
  2779 | Sewer    | Reached skill level 1 in Axes
  2783 | Sewer    | Reached XP level 5. HP: 26/47 MP: 5/5
  2954 | Sewer    | Reached skill level 1 in Invocations
  3103 | Sewer    | Reached skill level 5 in Fighting
  3103 | Sewer    | Reached XP level 6. HP: 28/56 MP: 5/7
  3910 | D:4      | Found a transporter.
  3915 | D:4      | Noticed SpicyYetSad's ghost (amateur DEVM)
  4049 | D:4      | Noticed an orc warrior
  4063 | D:4      | Killed an orc warrior
  4065 | D:4      | Reached * piety under Okawaru
  4228 | D:4      | Reached XP level 7. HP: 61/61 MP: 9/9
  4270 | D:4      | Identified the +0 ring mail "Miubafue" {Fly rC- Str+3
                  | Dex+7}
  4308 | D:4      | Reached skill level 5 in Armour
  4308 | D:4      | Reached skill level 5 in Shields
  4366 | D:4      | Noticed Menkaure
  4511 | D:4      | Found a transporter.
  4520 | D:4      | Killed Menkaure
  4928 | D:4      | Reached skill level 6 in Fighting
  5472 | D:5      | Entered Level 5 of the Dungeon
  5525 | D:5      | Reached XP level 8. HP: 66/70 MP: 11/11
  6181 | D:5      | Reached skill level 5 in Axes
  6245 | D:5      | Reached ** piety under Okawaru
  6246 | D:5      | Reached skill level 5 in Invocations
  6563 | D:5      | Found a staircase to the Ecumenical Temple.
  7075 | D:6      | Reached skill level 7 in Fighting
  7122 | D:6      | Found an ancient bone altar of Kikubaaqudgha.
  7177 | D:6      | Reached XP level 9. HP: 79/79 MP: 13/13
  7334 | D:6      | Found a white marble altar of Elyvilon.
  7338 | D:6      | Found an opulent altar of Gozag.
  7339 | D:6      | Found a blossoming altar of Fedhas.
  7340 | D:6      | Found a bloodstained altar of Trog.
  7342 | D:6      | Found a sacrificial altar of Ru.
  7469 | D:6      | Found a runed translucent door.
  7470 | D:6      | Noticed Crazy Yiuf
  7475 | D:6      | Killed Crazy Yiuf
  7751 | D:7      | Found a sand-covered staircase.
  7757 | Ossuary  | Entered an ossuary
  7975 | D:7      | Reached *** piety under Okawaru
  8229 | D:7      | Reached skill level 8 in Fighting
  9122 | D:7      | Reached XP level 10. HP: 24/90 MP: 12/15
  9132 | D:7      | Reached **** piety under Okawaru
  9533 | D:4      | Killed SpicyYetSad's ghost
  9534 | D:4      | Reached skill level 9 in Fighting
  9941 | D:8      | Noticed Joseph
  9967 | D:8      | Killed Joseph
 10422 | D:8      | Reached ***** piety under Okawaru
 10488 | D:8      | Identified the +0 helmet "Xoitaury" {Dex+5}
 10964 | D:9      | Reached skill level 10 in Fighting
 10966 | D:9      | Noticed a deep elf pyromancer
 10972 | D:9      | Killed a deep elf pyromancer
 10973 | D:9      | Reached skill level 1 in Evocations
 10973 | D:9      | Reached XP level 11. HP: 93/99 MP: 18/18
 10974 | D:9      | Identified the +0 hat of Baldness {-Cast +Inv rN+++ Str+4}
 10992 | D:9      | Noticed a deep elf pyromancer
 10998 | D:9      | Killed a deep elf pyromancer
 10999 | D:9      | Reached skill level 10 in Axes
 11081 | D:9      | Reached skill level 10 in Invocations
 11085 | D:9      | Received a gift from Okawaru
 11940 | D:10     | Entered Level 10 of the Dungeon
 12040 | D:10     | Found a flagged portal.
 12049 | Bailey   | Entered a bailey
 12328 | Bailey   | Noticed an orc knight
 12329 | Bailey   | Identified the +0 shadow dragon scales of Hubris {rPois rC+
                  | Stlth++++}
 12329 | Bailey   | Identified the +4 tower shield of the Old World {rC- Str+6}
 12591 | Bailey   | Killed an orc knight
 13397 | D:11     | Reached skill level 10 in Armour
 13478 | D:11     | Reached skill level 11 in Fighting
 13480 | D:11     | Noticed a seven-headed hydra
 13491 | D:11     | Killed a nine-headed hydra
 13491 | D:11     | Received a gift from Okawaru
 13492 | D:11     | Reached skill level 1 in Maces & Flails
 13613 | D:11     | Noticed a two-headed ogre
 13620 | D:11     | Killed a two-headed ogre
 13620 | D:11     | Identified the +2 pair of gloves of Ucvom {rC+} (Okawaru
                  | gifted it to you on level 11 of the Dungeon)
 13620 | D:11     | Received a gift from Okawaru
 13621 | D:11     | Reached XP level 12. HP: 110/110 MP: 19/19
 13724 | D:11     | Found a staircase to the Lair.
 13724 | D:11     | Noticed a four-headed hydra
 13734 | D:11     | Killed a four-headed hydra
 13963 | D:11     | Noticed a two-headed ogre
 13976 | D:11     | Killed a two-headed ogre
 14178 | D:11     | Noticed a centaur warrior
 14185 | D:11     | Killed a centaur warrior
 14186 | D:11     | Reached skill level 5 in Evocations
 14392 | Lair:1   | Entered Level 1 of the Lair of Beasts
 14741 | Lair:1   | Reached skill level 12 in Fighting
 14898 | Lair:1   | Reached ****** piety under Okawaru
 15039 | Lair:1   | Reached skill level 5 in Maces & Flails
 15318 | Lair:1   | Reached XP level 13. HP: 70/119 MP: 18/20
 15373 | Lair:1   | Identified the +4 kite shield "Wiyc" {rC- Str+2 Int+4}
                  | (Okawaru gifted it to you on level 1 of the Lair of Beasts)
 15373 | Lair:1   | Received a gift from Okawaru
 16391 | Lair:2   | Reached skill level 13 in Fighting
 16435 | Lair:2   | Identified the ring "Lejut" {rPois rC++ rN+ AC+4 Slay-4}
 16615 | Lair:3   | Found a staircase to the Snake Pit.
 16679 | Lair:3   | Noticed Gastronok
 16692 | Lair:3   | Killed Gastronok
 16693 | Lair:3   | Reached skill level 10 in Shields
 17156 | Lair:3   | Received a gift from Okawaru
 17335 | Lair:3   | Found a staircase to the Swamp.
 17855 | Lair:4   | Found a gate leading to a gauntlet.
 17867 | Gauntlet | Entered a Gauntlet
 17867 | Gauntlet | Found a runed translucent door.
 17867 | Gauntlet | Found a transporter.
 17867 | Gauntlet | Found a runed translucent door.
 17867 | Gauntlet | Found a transporter.
 17871 | Gauntlet | Found a transporter.
 17872 | Gauntlet | Found a transporter.
 17889 | Gauntlet | Found a transporter.
 17897 | Gauntlet | Found a transporter.
 17901 | Gauntlet | Found a transporter.
 17909 | Gauntlet | Found a transporter.
 17926 | Gauntlet | Found a transporter.
 17941 | Gauntlet | Found a transporter.
 17945 | Gauntlet | Found a transporter.
 17953 | Gauntlet | Found a transporter.
 17990 | Gauntlet | Reached XP level 14. HP: 99/129 MP: 21/21
 18276 | Gauntlet | Identified the +0 hand axe "Reabb" {antimagic, Int+2}
                  | (Okawaru gifted it to you in a Gauntlet)
 18276 | Gauntlet | Received a gift from Okawaru
 19030 | Lair:4   | Reached skill level 14 in Fighting
 19204 | Lair:5   | Entered Level 5 of the Lair of Beasts
 19287 | Lair:5   | Identified the +7 broad axe of the Orb {speed, Will- Str+10
                  | Int+3} (Okawaru gifted it to you on level 5 of the Lair of
                  | Beasts)
 19287 | Lair:5   | Received a gift from Okawaru
 19527 | Lair:5   | Found the +7 great mace "Firestarter" {inner flame, rF++}
 19533 | Lair:5   | Identified the +1 chain mail of the Dwarven Hall {rElec}
 19642 | Lair:5   | Found a staircase to the Slime Pits.
 19643 | Lair:5   | Found a viscous altar of Jiyva.
 19747 | Lair:5   | Identified the +7 demon blade of Malaise {pain, rPois Str+6
                  | Dex-3 Stlth-} (Okawaru gifted it to you on level 5 of the
                  | Lair of Beasts)
 19747 | Lair:5   | Received a gift from Okawaru
 19890 | Lair:5   | Reached XP level 15. HP: 137/139 MP: 22/22
 20291 | Lair:5   | Received a gift from Okawaru
 21217 | D:12     | Identified the +1 ring mail of Entyclemn {Harm *Slow Str+7}
 21297 | D:12     | Found a staircase to the Orcish Mines.
 21390 | D:12     | Found the +4 moon troll leather armour {Spirit, Regen++
                  | MP+5}
 21620 | D:12     | Reached skill level 15 in Fighting
 21992 | Orc:1    | Entered Level 1 of the Orcish Mines
 22005 | Orc:1    | Noticed Sonja
 22028 | Orc:1    | Killed Sonja
 22287 | Orc:2    | Entered Level 2 of the Orcish Mines
 22287 | Orc:2    | Noticed Donald
 22288 | Arena    | Entered the Arena
 22297 | Arena    | Killed Donald
 22352 | Orc:2    | Found a staircase to the Elven Halls.
 22648 | Orc:2    | Found a radiant altar of Vehumet.
 22815 | Orc:2    | Reached skill level 10 in Evocations
 22844 | Orc:2    | Paralysed by an orc sorcerer for 3 turns
 22847 | Orc:2    | HP: 3/141 [orc priest/divine providence (14)]
 22851 | Orc:2    | HP: 1/141 [smoke demon/divine providence[an orc high
                  | priest] (14)]
 22852 | Orc:2    | Killed from afar by an orc sorcerer

Illustrated notes

Levels and vault maps discovered:
D:1:      minmay_arrival_wavy_path, layout_loops_ring,
          shapermc_ecumenical_altar_mp_vishouse
D:2:      layout_loops_ring
D:3:      layout_loops_cross, okawaru_altar_gauntlet_db, lemuel_tele_altar,
          cheibrodos_sewer_entry_drain, palyth_stone_intersect
D:4:      cheibrodos_barr_body, layout_basic, gammafunk_ghost_mausoleum,
          sigmund_army, uniq_menkaure
D:5:      layout_basic, minmay_temple_entry_fiery,
          amcnicky_mini_rare_corridor_liquid, dk_vineyard_2,
          lexackson_kobold_supper
D:6:      layout_loops_cross, minitemple, mainiacjoe_overflow_six_doors_small,
          uniq_crazy_yiuf_cottage
D:7:      layout_layer_cave, nicolae_ossuary_entry_false_entrances,
          kennysheep_pointless_box, grunt_ogre_cave
D:8:      layout_cave_pools, uniq_joseph
D:9:      layout_loops_ring, hangedman_minor_magic
D:10:     layout_roguey, enter_bailey_8
D:11:     minmay_cornered_nines, layout_irregular_city, lair_entry_dummy,
          kennysheep_generic_room_12
D:12:     layout_layer_cave, erik_orc_4
Lair:1:   layout_chaotic_city, serial_bayou_shore_a, grunt_megastairs_1,
          infiniplex_staircase_pool_2
Lair:2:   layout_small_grid, minivault_19, grunt_megastairs_2,
          serial_bayou_shore_b, serial_bayou_shore_b
Lair:3:   layout_gridlike, nicolae_swamp_entry_splash_gauntlet,
          guppyfry_snake_entry_island, uniq_gastronok
Lair:4:   layout_small_grid, gauntlet_entry_generic, grunt_megastairs_4
Lair:5:   minmay_lair_end_enchanted_forest, layout_gridlike, slime_entry_1
Orc:1:    layout_caves, nicolae_orc_bridge_out, uniq_sonja
Orc:2:    grunt_orc_tribal_feast, layout_caves, special_room, basic_altar,
          uniq_donald

Skill      XL: |  1  2  3  4  5  6  7  8  9 10 11 12 13 14 15 |
---------------+----------------------------------------------+-----
Fighting       | 4 5 6 7 8 10 11 12 13 14 15 | 15.1
Polearms       | 3 |  3.0
Armour         | 4 5 6 7 9 10 11 12 13 | 13.9
Shields        | 4 5 6 7 9 10 11 12 | 12.3
Axes           | 1 2 3 4 5 7 9 11 12 | 12.5
Invocations    | 2 3 4 5 7 9 10 | 10.4
Evocations     | 1 4 6 8 9 10 | 10.0
Maces & Flails | 2 5 7 9 |  9.9
Ranged Weapons | |  0.5

Action                   |  1- 3 |  4- 6 |  7- 9 | 10-12 | 13-15 || total
-------------------------+-------+-------+-------+-------+-------++-------
Melee: Trident           |   141 |    35 |       |       |       ||   176
       War axe           |       |   157 |   287 |   388 |   190 ||  1022
       Morningstar       |       |       |       |   171 |   388 ||   559
       Broad axe         |       |       |       |       |   318 ||   318
Throw: Stone             |       |     2 |     4 |    15 |    18 ||    39
Invok: Heroism           |       |       |     1 |     4 |     9 ||    14
       Duel              |       |       |       |       |     1 ||     1
Evoke: Wand              |       |       |       |       |     1 ||     1
  Use: Scroll            |     5 |     3 |     2 |    12 |    18 ||    40
       Potion            |       |       |       |       |     2 ||     2
 Stab: Sleeping          |       |       |       |     4 |     3 ||     7
       Petrified         |       |       |       |       |     3 ||     3
       Distracted        |       |       |       |       |     2 ||     2
Armor: Scale mail        |    56 |   120 |       |       |       ||   176
       Chain mail        |       |     6 |       |       |       ||     6
       Ring mail         |       |       |    95 |   128 |       ||   223
       Shadow dragon sca |       |       |       |   238 |   586 ||   824
Dodge: Dodged            |    49 |   121 |   138 |   250 |   211 ||   769
Block: Buckler           |    27 |    58 |    83 |   109 |       ||   277
       Tower shield      |       |       |       |   396 |  1081 ||  1477
